[ AOE2 MATCH · #458294288 ]
UnrankedSlavs vs Burgundians
[ REPLAY ANALYSIS · EXTRACTED FROM THE RECORDED GAME ]
Feudal
11:53
Castle
15:57
Imperial
—
| APM avg | 12.3 |
| APM peak | 26 |
| eAPM avg | 10.8 |
| Villagers / military | 125 / 15 |
Focus
⚔️ 10.3% · 🌾 89.7%
Boyar ×7 · Spearman ×4 · Monk ×2 · Mangonel ×2
Feudal
11:46
Castle
15:22
Imperial
26:48
| APM avg | 22.7 |
| APM peak | 42 |
| eAPM avg | 18.0 |
| Villagers / military | 110 / 32 |
Focus
⚔️ 24.9% · 🌾 75.1%
Hand Cannoneer ×23 · Trebuchet (Packed) ×5 · Scout Cavalry ×2 · Monk ×2
Feudal
—
Castle
—
Imperial
—
| APM avg | 35.5 |
| APM peak | 68 |
| eAPM avg | 12.9 |
| Villagers / military | 95 / 18 |
Focus
⚔️ 12.0% · 🌾 88.0%
Spearman ×14 · Monk ×3 · Trebuchet (Packed) ×1
Feudal
10:37
Castle
14:44
Imperial
28:04
| APM avg | 18.0 |
| APM peak | 38 |
| eAPM avg | 15.0 |
| Villagers / military | 106 / 28 |
Focus
⚔️ 14.8% · 🌾 85.2%
Militia ×11 · Samurai ×5 · Knight ×4 · Trebuchet (Packed) ×4 · Scout Cavalry ×3 · Monk ×1
Match map
Initial resources + every placement click. Lines = walls · curves = elevation contours. ◆ gold · ⬟ stone · ● berries · ✦ relic · ◌ wall gap
Your base· ✓ Closed at 15:57 · 0t walls · 3 gate(s)
nolte_christoph's base· ✓ Closed at 15:22 · 0t walls · 3 gate(s)
Duckmann087601's base· ✓ Closed at 11:58 · 1t walls · 3 gate(s)
michael.nolte91's base· ✓ Closed at 14:44 · 0t walls · 2 gate(s)
Smoothed initial terrain · ◌ = detected wall gap · hover for details
Inputs per minute
— KRALSC - - nolte_christoph
Build order — KRALSC
First 150 of 233 actions detected
| 0:02 | Create | Villager (Male) ×4 |
| 0:06 | Build | House |
| 0:11 | Build | House |
| 1:29 | Create | Villager (Male) |
| 1:29 | Create | Villager (Male) |
| 1:51 | Build | Lumber Camp |
| 2:05 | Create | Villager (Male) |
| 2:05 | Create | Villager (Male) |
| 2:30 | Create | Villager (Male) |
| 2:30 | Create | Villager (Male) |
| 2:57 | Create | Villager (Male) |
| 2:57 | Create | Villager (Male) |
| 3:08 | Build | House |
| 3:10 | Build | House |
| 3:17 | Create | Villager (Male) |
| 3:17 | Create | Villager (Male) |
| 3:43 | Create | Villager (Male) |
| 3:51 | Build | House |
| 3:53 | Build | House |
| 4:08 | Create | Villager (Male) |
| 4:09 | Create | Villager (Male) |
| 4:37 | Create | Villager (Male) |
| 5:09 | Build | Mining Camp |
| 5:15 | Create | Villager (Male) |
| 5:16 | Create | Villager (Male) |
| 5:16 | Create | Villager (Male) |
| 5:54 | Create | Villager (Male) |
| 6:10 | Build | Mill |
| 6:18 | Create | Villager (Male) |
| 6:18 | Create | Villager (Male) |
| 6:18 | Create | Villager (Male) |
| 6:58 | Create | Villager (Male) |
| 6:58 | Create | Villager (Male) |
| 7:29 | Create | Villager (Male) |
| 7:54 | Build | Mill |
| 8:38 | Create | Villager (Male) |
| 9:14 | Create | Villager (Male) |
| 9:43 | Research | Feudal Age |
| 10:09 | Build | Farm |
| 10:10 | Build | Farm |
| 10:11 | Build | Farm |
| 10:14 | Build | Farm |
| 10:16 | Build | Farm |
| 10:25 | Create | Villager (Male) |
| 10:25 | Create | Villager (Male) |
| 10:25 | Create | Villager (Male) |
| 11:53 | Age | Feudal Age |
| 11:56 | Build | Market |
| 12:02 | Build | Blacksmith |
| 12:16 | Build | Farm |
| 12:18 | Build | Farm |
| 12:23 | Build | Farm |
| 12:49 | Build | Farm |
| 13:17 | Research | Castle Age |
| 13:17 | Research | Castle Age |
| 13:38 | Research | Double-Bit Axe |
| 14:02 | Research | Loom |
| 14:09 | Research | Horse Collar |
| 14:53 | Research | Gold Mining |
| 14:54 | Research | Stone Mining |
| 15:15 | Research | Wheelbarrow |
| 15:57 | Age | Castle Age |
| 16:03 | Build | Town Center |
| 16:29 | Build | Town Center |
| 16:38 | Research | Town Watch |
| 16:51 | Research | Bow Saw |
| 17:21 | Research | Heavy Plow |
| 17:24 | Create | Villager (Male) |
| 17:24 | Create | Villager (Male) |
| 17:44 | Create | Villager (Male) |
| 17:58 | Create | Villager (Male) |
| 17:58 | Create | Villager (Male) |
| 18:15 | Build | Farm |
| 18:16 | Build | Farm |
| 18:18 | Build | Farm |
| 18:20 | Build | Farm |
| 18:23 | Create | Villager (Male) |
| 18:23 | Create | Villager (Male) |
| 18:24 | Create | Villager (Male) |
| 18:35 | Create | Villager (Male) |
| 18:35 | Create | Villager (Male) |
| 18:45 | Create | Villager (Male) |
| 18:45 | Create | Villager (Male) |
| 19:00 | Build | House |
| 19:00 | Build | House |
| 19:01 | Build | House |
| 19:01 | Build | House |
| 19:01 | Build | House |
| 19:02 | Build | House |
| 19:02 | Build | House |
| 19:03 | Build | House |
| 19:03 | Build | House |
| 19:04 | Build | House |
| 19:08 | Create | Villager (Male) |
| 19:12 | Create | Villager (Male) |
| 19:13 | Create | Villager (Male) |
| 19:29 | Build | Farm |
| 19:34 | Create | Villager (Male) |
| 19:39 | Create | Villager (Male) |
| 19:49 | Build | Monastery |
| 19:58 | Build | Lumber Camp |
| 20:03 | Create | Villager (Male) |
| 20:03 | Create | Villager (Male) |
| 20:04 | Create | Villager (Male) |
| 20:11 | Build | Farm |
| 20:14 | Create | Villager (Male) |
| 20:14 | Create | Villager (Male) |
| 20:20 | Build | Farm |
| 20:22 | Create | Villager (Male) |
| 20:22 | Create | Villager (Male) |
| 20:27 | Create | Monk |
| 20:27 | Create | Monk |
| 20:37 | Create | Villager (Male) |
| 20:37 | Create | Villager (Male) |
| 20:38 | Create | Villager (Male) |
| 20:51 | Build | Farm |
| 20:57 | Create | Villager (Male) |
| 21:02 | Build | Farm |
| 21:11 | Create | Villager (Male) |
| 21:18 | Build | Farm |
| 21:21 | Build | Farm |
| 21:45 | Create | Villager (Male) |
| 21:51 | Build | Farm |
| 21:52 | Build | Farm |
| 21:54 | Build | Farm |
| 21:56 | Build | Farm |
| 21:57 | Build | Farm |
| 21:58 | Build | Farm |
| 22:03 | Create | Villager (Male) |
| 22:04 | Create | Villager (Male) |
| 22:04 | Create | Villager (Male) |
| 22:04 | Create | Villager (Male) |
| 22:06 | Create | Villager (Male) |
| 22:07 | Create | Villager (Male) |
| 22:07 | Create | Villager (Male) |
| 22:07 | Create | Villager (Male) |
| 22:30 | Build | Farm |
| 22:33 | Create | Villager (Male) |
| 22:34 | Create | Villager (Male) |
| 22:39 | Create | Villager (Male) |
| 22:39 | Create | Villager (Male) |
| 22:47 | Build | Farm |
| 22:47 | Build | Farm |
| 22:48 | Build | Farm |
| 22:48 | Build | Farm |
| 22:48 | Build | Farm |
| 22:48 | Build | Farm |
| 23:08 | Build | University |
| 23:18 | Create | Villager (Male) |
| 23:18 | Create | Villager (Male) |
Build order — nolte_christoph
First 150 of 259 actions detected
| 0:00 | Create | Villager (Male) |
| 0:00 | Create | Villager (Male) |
| 0:01 | Create | Villager (Male) |
| 0:01 | Create | Villager (Male) |
| 0:02 | Build | House |
| 0:04 | Build | House |
| 1:31 | Create | Villager (Male) |
| 1:53 | Create | Villager (Male) |
| 2:11 | Build | Lumber Camp |
| 2:22 | Create | Villager (Male) |
| 2:31 | Create | Villager (Male) |
| 2:53 | Create | Villager (Male) |
| 3:17 | Research | Double-Bit Axe |
| 3:38 | Create | Villager (Male) |
| 4:04 | Create | Villager (Male) |
| 4:14 | Build | House |
| 4:33 | Create | Villager (Male) |
| 4:34 | Create | Villager (Male) |
| 4:52 | Create | Villager (Male) |
| 5:08 | Build | House |
| 5:10 | Build | House |
| 5:12 | Build | House |
| 5:40 | Build | Mill |
| 5:47 | Create | Villager (Male) |
| 5:47 | Create | Villager (Male) |
| 6:25 | Build | Lumber Camp |
| 6:26 | Create | Villager (Male) |
| 6:48 | Create | Villager (Male) |
| 7:08 | Research | Horse Collar |
| 7:19 | Create | Villager (Male) |
| 7:44 | Build | Farm |
| 7:44 | Create | Villager (Male) |
| 7:45 | Create | Villager (Male) |
| 8:04 | Build | Farm |
| 8:05 | Create | Villager (Male) |
| 8:16 | Build | Farm |
| 8:19 | Create | Villager (Male) |
| 8:45 | Create | Villager (Male) |
| 8:46 | Create | Villager (Male) |
| 9:32 | Research | Feudal Age |
| 10:37 | Build | Mining Camp |
| 11:01 | Create | Villager (Male) |
| 11:02 | Create | Villager (Male) |
| 11:11 | Build | Barracks |
| 11:46 | Age | Feudal Age |
| 11:49 | Build | Market |
| 12:00 | Build | Stable |
| 12:42 | Research | Castle Age |
| 13:09 | Create | Scout Cavalry |
| 13:19 | Build | Farm |
| 13:21 | Build | Farm |
| 13:35 | Research | Bow Saw |
| 13:49 | Build | House |
| 14:21 | Create | Villager (Male) |
| 14:21 | Create | Villager (Male) |
| 14:32 | Create | Scout Cavalry |
| 14:59 | Build | Farm |
| 15:02 | Build | Farm |
| 15:02 | Build | Farm |
| 15:02 | Build | Farm |
| 15:03 | Build | Farm |
| 15:03 | Build | Farm |
| 15:05 | Build | Farm |
| 15:08 | Create | Villager (Male) |
| 15:09 | Create | Villager (Male) |
| 15:22 | Age | Castle Age |
| 15:25 | Build | Town Center |
| 15:28 | Research | Light Cavalry (upgrade) |
| 15:32 | Build | Town Center |
| 15:53 | Create | Villager (Male) |
| 15:54 | Create | Villager (Male) |
| 16:15 | Build | Farm |
| 16:53 | Create | Villager (Male) |
| 16:57 | Create | Villager (Male) |
| 16:59 | Build | Monastery |
| 17:02 | Create | Villager (Male) |
| 17:02 | Create | Villager (Male) |
| 17:07 | Create | Villager (Male) |
| 17:08 | Create | Villager (Male) |
| 17:09 | Create | Villager (Male) |
| 17:25 | Create | Villager (Male) |
| 17:27 | Build | House |
| 17:40 | Build | Farm |
| 17:42 | Build | Farm |
| 17:43 | Create | Villager (Male) |
| 17:45 | Build | Farm |
| 17:45 | Build | Farm |
| 17:47 | Build | Farm |
| 17:54 | Build | Farm |
| 17:56 | Create | Villager (Male) |
| 17:57 | Build | Farm |
| 17:58 | Build | Farm |
| 17:59 | Create | Villager (Male) |
| 18:00 | Create | Monk |
| 18:10 | Create | Villager (Male) |
| 18:11 | Create | Villager (Male) |
| 18:13 | Build | Farm |
| 18:15 | Build | Farm |
| 18:18 | Create | Villager (Male) |
| 18:21 | Build | Farm |
| 18:23 | Build | House |
| 18:26 | Build | Farm |
| 18:27 | Create | Villager (Male) |
| 18:36 | Build | Farm |
| 18:37 | Create | Villager (Male) |
| 18:43 | Research | Gold Mining |
| 18:49 | Research | Wheelbarrow |
| 18:52 | Build | House |
| 18:56 | Create | Villager (Male) |
| 18:59 | Create | Villager (Male) |
| 19:02 | Build | Farm |
| 19:05 | Create | Villager (Male) |
| 19:11 | Create | Monk |
| 19:17 | Build | House |
| 19:18 | Create | Villager (Male) |
| 19:18 | Create | Villager (Male) |
| 19:33 | Build | Farm |
| 19:36 | Build | Farm |
| 19:41 | Create | Villager (Male) |
| 19:44 | Build | Farm |
| 19:54 | Create | Villager (Male) |
| 19:56 | Build | House |
| 20:00 | Build | House |
| 20:00 | Build | House |
| 20:01 | Create | Villager (Male) |
| 20:01 | Create | Villager (Male) |
| 20:19 | Create | Villager (Male) |
| 20:19 | Create | Villager (Male) |
| 20:20 | Create | Villager (Male) |
| 20:32 | Create | Villager (Male) |
| 20:42 | Create | Villager (Male) |
| 20:43 | Create | Villager (Male) |
| 20:52 | Create | Villager (Male) |
| 21:03 | Create | Villager (Male) |
| 21:17 | Create | Villager (Male) |
| 21:17 | Create | Villager (Male) |
| 21:27 | Build | Stable |
| 21:41 | Create | Villager (Male) |
| 21:41 | Create | Villager (Male) |
| 21:49 | Build | Farm |
| 21:52 | Build | Farm |
| 21:59 | Create | Villager (Male) |
| 22:01 | Build | Stable |
| 22:03 | Create | Villager (Male) |
| 22:08 | Build | Mining Camp |
| 22:39 | Build | Palisade Wall |
| 22:42 | Build | House |
| 22:43 | Create | Villager (Male) |
| 22:43 | Create | Villager (Male) |
| 22:56 | Build | University |
Build order — Duckmann087601
First 150 of 194 actions detected
| 0:02 | Create | Villager (Male) |
| 0:02 | Create | Villager (Male) |
| 0:02 | Create | Villager (Male) |
| 0:02 | Create | Villager (Male) |
| 0:03 | Create | Villager (Male) |
| 0:03 | Create | Villager (Male) |
| 0:05 | Build | House |
| 0:31 | Build | House |
| 1:44 | Create | Villager (Male) |
| 1:45 | Create | Villager (Male) |
| 2:00 | Create | Villager (Male) |
| 2:21 | Build | Lumber Camp |
| 2:28 | Create | Villager (Male) |
| 2:28 | Create | Villager (Male) |
| 2:28 | Create | Villager (Male) |
| 2:43 | Create | Villager (Male) |
| 2:44 | Create | Villager (Male) |
| 2:44 | Create | Villager (Male) |
| 3:12 | Create | Villager (Male) |
| 3:12 | Create | Villager (Male) |
| 3:13 | Create | Villager (Male) |
| 3:30 | Build | House |
| 3:39 | Create | Villager (Male) |
| 3:39 | Create | Villager (Male) |
| 3:39 | Create | Villager (Male) |
| 4:24 | Create | Villager (Male) |
| 4:24 | Create | Villager (Male) |
| 4:24 | Create | Villager (Male) |
| 4:38 | Build | Mill |
| 5:08 | Build | House |
| 5:23 | Create | Villager (Male) |
| 5:23 | Create | Villager (Male) |
| 5:23 | Create | Villager (Male) |
| 5:24 | Create | Villager (Male) |
| 6:12 | Create | Villager (Male) |
| 6:13 | Create | Villager (Male) |
| 6:13 | Create | Villager (Male) |
| 6:28 | Build | Mill |
| 6:37 | Create | Villager (Male) |
| 6:37 | Create | Villager (Male) |
| 6:37 | Create | Villager (Male) |
| 6:37 | Create | Villager (Male) |
| 8:06 | Build | Mining Camp |
| 8:40 | Research | Feudal Age |
| 8:56 | Build | House |
| 9:28 | Create | Villager (Male) |
| 9:28 | Create | Villager (Male) |
| 9:30 | Research | Loom |
| 9:46 | Build | Farm |
| 11:03 | Build | Market |
| 11:09 | Build | Blacksmith |
| 11:12 | Build | Palisade Wall |
| 11:52 | Build | Farm |
| 11:58 | Research | Castle Age |
| 12:24 | Build | House |
| 12:38 | Build | Mining Camp |
| 12:57 | Create | Villager (Male) |
| 12:57 | Create | Villager (Male) |
| 13:25 | Research | Scale Mail Armor |
| 13:33 | Build | Barracks |
| 14:13 | Build | Farm |
| 14:16 | Build | Farm |
| 14:44 | Build | Barracks |
| 14:47 | Create | Spearman |
| 15:03 | Create | Villager (Male) |
| 15:10 | Research | Pikeman (upgrade) |
| 15:13 | Create | Villager (Male) |
| 15:37 | Build | Town Center |
| 16:53 | Create | Villager (Male) |
| 16:53 | Create | Villager (Male) |
| 16:56 | Build | Farm |
| 16:57 | Build | Farm |
| 17:18 | Build | Farm |
| 17:24 | Build | Farm |
| 17:26 | Create | Villager (Male) |
| 17:27 | Create | Villager (Male) |
| 17:27 | Create | Villager (Male) |
| 17:30 | Build | Farm |
| 17:38 | Build | Monastery |
| 17:56 | Build | Farm |
| 18:04 | Create | Villager (Male) |
| 18:18 | Build | Farm |
| 18:22 | Build | Farm |
| 18:25 | Build | Farm |
| 18:27 | Create | Monk |
| 18:30 | Research | Fervor |
| 18:34 | Build | Farm |
| 18:35 | Build | Farm |
| 18:36 | Create | Villager (Male) |
| 18:37 | Create | Villager (Male) |
| 18:42 | Build | Farm |
| 18:47 | Create | Villager (Male) |
| 18:47 | Create | Villager (Male) |
| 19:03 | Create | Villager (Male) |
| 19:03 | Create | Villager (Male) |
| 19:10 | Build | Farm |
| 19:13 | Create | Villager (Male) |
| 19:30 | Create | Villager (Male) |
| 19:30 | Create | Villager (Male) |
| 19:40 | Build | Farm |
| 19:47 | Build | Farm |
| 19:48 | Build | Farm |
| 19:50 | Create | Villager (Male) |
| 19:53 | Create | Spearman |
| 20:01 | Create | Villager (Male) |
| 20:14 | Build | Farm |
| 20:18 | Build | Farm |
| 20:23 | Build | House |
| 20:33 | Create | Monk |
| 20:41 | Build | Farm |
| 20:44 | Create | Monk |
| 20:45 | Create | Villager (Male) |
| 20:45 | Create | Villager (Male) |
| 20:52 | Create | Spearman |
| 20:52 | Create | Spearman |
| 20:58 | Build | House |
| 21:00 | Build | House |
| 21:02 | Create | Villager (Male) |
| 21:03 | Create | Villager (Male) |
| 21:20 | Create | Villager (Male) |
| 21:27 | Build | Farm |
| 21:47 | Build | Castle |
| 21:56 | Create | Villager (Male) |
| 21:56 | Create | Villager (Male) |
| 22:00 | Create | Villager (Male) |
| 23:03 | Create | Villager (Male) |
| 23:03 | Create | Villager (Male) |
| 23:05 | Build | Farm |
| 23:07 | Build | Farm |
| 23:07 | Create | Villager (Male) |
| 23:08 | Create | Villager (Male) |
| 23:08 | Create | Villager (Male) |
| 23:20 | Build | Mining Camp |
| 23:22 | Create | Villager (Male) |
| 23:29 | Create | Spearman ×5 |
| 23:30 | Create | Spearman |
| 23:42 | Build | Farm |
| 23:46 | Create | Villager (Male) |
| 23:47 | Create | Villager (Male) |
| 24:12 | Create | Villager (Male) |
| 24:12 | Create | Villager (Male) |
| 24:12 | Create | Villager (Male) |
| 24:31 | Research | Redemption |
| 24:37 | Create | Villager (Male) |
| 24:37 | Create | Villager (Male) |
| 24:44 | Build | Farm |
| 24:57 | Create | Villager (Male) |
| 25:16 | Create | Villager (Male) |
| 25:16 | Create | Villager (Male) |
| 25:31 | Build | Farm |
Build order — michael.nolte91
First 150 of 251 actions detected
| 0:01 | Create | Villager (Male) |
| 0:02 | Create | Villager (Male) |
| 0:03 | Build | House |
| 0:05 | Build | House |
| 0:27 | Create | Villager (Male) |
| 0:27 | Create | Villager (Male) |
| 1:26 | Create | Villager (Male) |
| 1:57 | Create | Villager (Male) |
| 2:36 | Create | Villager (Male) |
| 2:36 | Create | Villager (Male) |
| 2:58 | Create | Villager (Male) |
| 2:58 | Create | Villager (Male) |
| 2:59 | Create | Villager (Male) |
| 3:26 | Build | House |
| 3:27 | Build | House |
| 3:52 | Create | Villager (Male) |
| 3:53 | Create | Villager (Male) |
| 3:54 | Create | Villager (Male) |
| 4:26 | Build | Lumber Camp |
| 5:04 | Create | Villager (Male) |
| 5:04 | Create | Villager (Male) |
| 5:04 | Create | Villager (Male) |
| 5:15 | Build | Mill |
| 5:59 | Create | Villager (Male) |
| 5:59 | Create | Villager (Male) |
| 6:00 | Create | Villager (Male) |
| 6:25 | Build | Farm |
| 6:50 | Build | Farm |
| 7:05 | Create | Villager (Male) |
| 7:34 | Create | Villager (Male) |
| 8:15 | Build | Mining Camp |
| 8:18 | Research | Feudal Age |
| 8:35 | Create | Villager (Male) |
| 8:35 | Create | Villager (Male) |
| 9:34 | Build | House |
| 10:37 | Age | Feudal Age |
| 10:40 | Build | Blacksmith |
| 11:16 | Build | Market |
| 11:27 | Create | Villager (Male) |
| 11:38 | Build | Farm |
| 11:42 | Build | Farm |
| 11:45 | Build | Farm |
| 12:04 | Research | Castle Age |
| 12:12 | Research | Double-Bit Axe |
| 12:51 | Research | Horse Collar |
| 13:10 | Build | Lumber Camp |
| 13:55 | Create | Villager (Male) |
| 13:56 | Create | Villager (Male) |
| 13:56 | Create | Villager (Male) |
| 13:56 | Create | Villager (Male) |
| 14:44 | Age | Castle Age |
| 14:49 | Build | Town Center |
| 15:27 | Create | Villager (Male) |
| 15:31 | Build | Town Center |
| 15:39 | Research | Heavy Plow |
| 16:07 | Build | House |
| 16:08 | Build | House |
| 16:09 | Build | House |
| 16:10 | Build | House |
| 16:20 | Create | Villager (Male) |
| 16:20 | Create | Villager (Male) |
| 16:20 | Create | Villager (Male) |
| 16:21 | Create | Villager (Male) |
| 16:38 | Create | Villager (Male) |
| 16:48 | Build | Farm |
| 17:03 | Build | University |
| 17:07 | Build | Farm |
| 17:09 | Create | Villager (Male) |
| 17:14 | Build | Farm |
| 17:17 | Build | Farm |
| 17:24 | Build | Farm |
| 17:42 | Build | Farm |
| 17:44 | Create | Villager (Male) |
| 17:44 | Create | Villager (Male) |
| 17:48 | Build | Farm |
| 17:56 | Build | Farm |
| 18:10 | Build | Farm |
| 18:11 | Create | Villager (Male) |
| 18:11 | Create | Villager (Male) |
| 18:17 | Build | Monastery |
| 18:24 | Build | House |
| 18:26 | Build | House |
| 18:29 | Build | Farm |
| 18:31 | Create | Villager (Male) |
| 18:31 | Create | Villager (Male) |
| 18:40 | Create | Villager (Male) |
| 18:40 | Create | Villager (Male) |
| 18:41 | Build | Farm |
| 18:52 | Create | Villager (Male) |
| 18:55 | Build | Farm |
| 19:02 | Create | Monk |
| 19:05 | Create | Villager (Male) |
| 19:07 | Build | Farm |
| 19:11 | Build | Farm |
| 19:13 | Create | Villager (Male) |
| 19:20 | Build | Farm |
| 19:21 | Create | Villager (Male) |
| 19:22 | Create | Villager (Male) |
| 19:26 | Build | House |
| 19:27 | Build | House |
| 19:28 | Build | House |
| 19:34 | Build | Farm |
| 19:36 | Create | Villager (Male) |
| 19:40 | Build | Farm |
| 19:42 | Create | Villager (Male) |
| 19:50 | Create | Villager (Male) |
| 19:51 | Create | Villager (Male) |
| 19:53 | Build | Farm |
| 19:59 | Build | Farm |
| 20:01 | Create | Villager (Male) |
| 20:04 | Build | Farm |
| 20:05 | Create | Villager (Male) |
| 20:06 | Create | Villager (Male) |
| 20:26 | Build | Farm |
| 20:27 | Create | Villager (Male) |
| 20:31 | Build | Farm |
| 20:32 | Create | Villager (Male) |
| 20:32 | Create | Villager (Male) |
| 20:34 | Build | Farm |
| 20:36 | Create | Villager (Male) |
| 20:36 | Create | Villager (Male) |
| 20:36 | Create | Villager (Male) |
| 20:45 | Build | Farm |
| 20:48 | Research | Gold Mining |
| 20:51 | Build | Farm |
| 20:53 | Create | Villager (Male) |
| 20:53 | Create | Villager (Male) |
| 20:56 | Build | House |
| 20:57 | Build | House |
| 21:08 | Build | Farm |
| 21:13 | Build | Farm |
| 21:17 | Build | Farm |
| 21:23 | Create | Villager (Male) |
| 21:23 | Create | Villager (Male) |
| 21:24 | Create | Villager (Male) |
| 21:30 | Build | Farm |
| 21:34 | Create | Villager (Male) |
| 21:34 | Create | Villager (Male) |
| 21:35 | Create | Villager (Male) |
| 21:45 | Build | Farm |
| 21:51 | Create | Villager (Male) |
| 21:52 | Create | Villager (Male) |
| 21:52 | Create | Villager (Male) |
| 21:55 | Create | Villager (Male) |
| 21:55 | Create | Villager (Male) |
| 22:01 | Build | House |
| 22:20 | Build | Farm |
| 22:39 | Create | Villager (Male) |
| 22:39 | Create | Villager (Male) |
| 22:43 | Build | House |
Match timeline
| 10:37 | michael.nolte91 · age_up feudal |
| 11:11 | nolte_christoph · first_building Barracks |
| 11:12 | Duckmann087601 · wall_segment Palisade Wall x1 |
| 11:46 | nolte_christoph · age_up feudal |
| 11:53 | KRALSC · age_up feudal |
| 12:00 | nolte_christoph · first_building Stable |
| 13:33 | Duckmann087601 · first_building Barracks |
| 14:44 | michael.nolte91 · age_up castle |
| 15:22 | nolte_christoph · age_up castle |
| 15:57 | KRALSC · age_up castle |
| 16:59 | nolte_christoph · first_building Monastery |
| 17:38 | Duckmann087601 · first_building Monastery |
| 18:17 | michael.nolte91 · first_building Monastery |
| 19:49 | KRALSC · first_building Monastery |
| 21:47 | Duckmann087601 · first_building Castle |
| 22:39 | nolte_christoph · wall_segment Palisade Wall x1 |
| 23:36 | nolte_christoph · first_market_sell 100 wood |
| 23:50 | nolte_christoph · first_building Archery Range |
| 24:25 | michael.nolte91 · first_market_sell 100 wood |
| 24:53 | michael.nolte91 · first_building Barracks |
| 25:08 | nolte_christoph · first_building Castle |
| 25:15 | KRALSC · first_building Castle |
| 26:07 | michael.nolte91 · first_building Stable |
| 26:46 | Duckmann087601 · first_building Siege Workshop |
| 26:48 | nolte_christoph · age_up imperial |
| 26:50 | michael.nolte91 · first_market_buy 100 stone |
| 26:58 | michael.nolte91 · first_building Castle |
| 27:02 | Duckmann087601 · first_building Stable |
| 28:04 | michael.nolte91 · age_up imperial |
| 28:26 | Duckmann087601 · wall_segment Stone Wall x2 |
| 28:33 | KRALSC · first_building Barracks |
| 28:39 | Duckmann087601 · wall_segment Stone Wall x5 |
| 28:56 | Duckmann087601 · wall_segment Stone Wall x1 |
| 28:59 | Duckmann087601 · wall_segment Stone Wall x1 |
| 29:45 | KRALSC · first_building Siege Workshop |
| 30:32 | Duckmann087601 · tribute_sent a jugador 1 |
| 30:32 | Duckmann087601 · tribute_sent a jugador 3 |
| 30:32 | Duckmann087601 · tribute_sent a jugador 4 |
| 30:36 | Duckmann087601 · resign |
[ AI ANALYSIS · 1 CREDIT ]
What really happened in this match?
Wolo.gg analyzes every decision: build order, eco, micro, common mistakes by bracket. Personalized analysis on WhatsApp or Discord in 30 seconds.
Civ guide
Slavs
Map guide
Arena
Perfil
Jugador #4525613